 Dungeon Sprint DCSS version 0.22-a0-388-g09e6169 (webtiles) character file.

43029 emperorscorpion the Victor of a Thousand Battles (level 14, -13/120 HPs)
             Began as a Gnoll Arcane Marksman on Apr 29, 2018.
             Was the Champion of Okawaru.
             Killed from afar by a frost giant (47 damage)
             ... with a bolt of cold
             ... in the Dungeon (Sprint IX: "|||||||||||||||||||||||||||||").
             The game lasted 00:25:49 (4507 turns).

emperorscorpion (GnAM)                              Turns: 4507, Time: 00:25:49

Health: -13/120    AC: 24    Str: 16    XL:     14   Next: 22%
Magic:  41/41      EV: 15    Int: 22    God:    Okawaru [******]
Gold:   31         SH:  0    Dex: 16    Spells: 31/41 levels left

rFire    + + .     SeeInvis .   b - +2 hand crossbow of Equivalence {elec, rPois rF+ Str+2 Dex-5}
rCold    . . .     Gourm    .   (no shield)
rNeg     . . .     Faith    .   Z - +3 chain mail of Broken Taboos {rF+ Dex+2}
rPois    +         Spirit   .   J - +2 hat of Jigsaw {MP+9}
rElec    .         Reflect  .   s - +0 cloak
rCorr    .         Harm     .   W - +1 pair of gloves
MR       +....     NoTele   +   M - +1 pair of boots
Stlth    +++.......             z - amulet of regeneration
HPRegen  0.70/turn              u - +3 ring of intelligence
MPRegen  0.27/turn              U - +3 ring of intelligence

@: no status effects
A: distributed training, fangs 1, screaming 1, strong nose
a: Heroism, Finesse, Renounce Religion


You were in the Dungeon.
You worshipped Okawaru.
Okawaru was exalted by your worship.
You were not hungry.

You visited 1 branch You collected 1935 gold pieces.
You spent 1904 gold pieces at shops.

Inventory:

Hand Weapons
 a - the +11 trident of Courage {freeze, *Corrode rF+ Dex+3}
   (You found it in the Dungeon)

   It has been specially enchanted to freeze those struck by it, causing extra
   injury to most foes and up to half again as much damage against particularly
   susceptible opponents.
   It can also slow down cold-blooded creatures.
   It affects your dexterity (+3).
   It protects you from fire.
   It may corrode you when you take damage.
 b - the +2 hand crossbow of Equivalence (weapon) {elec, rPois rF+ Str+2 Dex-5}
   (You found it in the Dungeon)

   It charges the ammunition it shoots with electricity; occasionally upon a
   hit, such missiles may discharge and cause terrible harm.
   It affects your strength (+2).
   It affects your dexterity (-5).
   It protects you from fire.
   It protects you from poison.
 v - a +0 hand crossbow
 H - a +1 demon trident of draining
 S - a +6 blowgun
 T - a +4 quarterstaff of speed
 V - a +0 triple crossbow
Missiles
 d - 41 sling bullets
 F - 62 arrows
 G - 5 javelins
 I - 41 bolts (quivered)
 O - 2 throwing nets
Armour
 l - a +0 robe
 r - a +0 pair of gloves
 s - a +0 cloak (worn)
 t - a +1 chain mail
 B - a +0 cloak
 C - a +0 cloak
 D - a +0 pair of boots
 E - a +0 helmet
 J - the +2 hat of Jigsaw (worn) {MP+9}
   (Okawaru gifted it to you in the Dungeon)

   It affects your magic capacity (+9).
 L - a +0 pair of boots of stealth
 M - a +1 pair of boots (worn)
 N - the +1 plate armour of the Wheelwright {+Blink +Fly Stlth+}
   (You bought it in a shop in the Dungeon)

   It lets you fly.
   It lets you blink.
   It makes you more stealthy.
 W - a +1 pair of gloves (worn)
 Z - the +3 chain mail of Broken Taboos (worn) {rF+ Dex+2}
   (Okawaru gifted it to you in the Dungeon)

   It affects your dexterity (+2).
   It protects you from fire.
Magical Staves
 p - an uncursed staff of energy
Jewellery
 u - a +3 ring of intelligence (left hand)
 z - an amulet of regeneration (around neck)
 P - an uncursed ring of fire
 Q - an uncursed ring of poison resistance
 R - an uncursed ring of fire
 U - a +3 ring of intelligence (right hand)
Wands
 o - a wand of iceblast (5)
Scrolls
 k - 3 scrolls of blinking
 m - 5 scrolls of remove curse
 n - 2 scrolls of amnesia
 y - 4 scrolls of fog
 A - 4 scrolls of enchant armour
 Y - 2 scrolls of identify
Potions
 c - a potion of invisibility
 e - 5 potions of heal wounds
 g - 6 potions of curing
 h - a potion of haste
 i - 4 potions of magic
 j - a potion of berserk rage
 w - 2 potions of agility
 X - a potion of mutation
Miscellaneous
 x - a phantom mirror
 K - a lamp of fire (inert)
Comestibles
 f - 11 rations


   Skills:
 + Level 14.1 Fighting
 + Level 13.9 Short Blades
 + Level 13.9 Long Blades
 + Level 13.9 Axes
 + Level 13.9 Maces & Flails
 + Level 13.9 Polearms
 + Level 13.9 Staves
 + Level 13.9 Slings
 + Level 13.9 Bows
 + Level 14.4 Crossbows
 + Level 13.9 Throwing
 + Level 13.9 Armour
 + Level 14.4 Dodging
 + Level 13.9 Stealth
 + Level 13.9 Shields
 + Level 13.9 Unarmed Combat
 + Level 14.1 Spellcasting
 + Level 11.9 Conjurations
 + Level 12.9 Hexes
 + Level 11.9 Charms
 + Level 11.9 Summonings
 + Level 11.9 Necromancy
 + Level 11.9 Translocations
 + Level 11.9 Transmutations
 + Level 11.9 Fire Magic
 + Level 11.9 Ice Magic
 + Level 11.9 Air Magic
 + Level 11.9 Earth Magic
 + Level 11.9 Poison Magic
 + Level 14.9 Invocations
 + Level 13.9 Evocations


You had 31 spell levels left.
You knew the following spells:

 Your Spells              Type           Power        Failure   Level  Hunger
a - Corona                Hex            ######.      1%          1    None
b - Slow                  Hex            ######..     1%          2    None
c - Cause Fear            Hex            ######....   1%          4    None
d - Portal Projectile     Hex/Tloc       ######       1%          3    None


Dungeon Overview and Level Annotations

Branches:
Dungeon (1/1)

Altars:
Cheibriados
Dithmenos
Elyvilon
Fedhas
Gozag
Hepliaklqana
Kikubaaqudgha
Makhleb
Nemelex Xobeh
Okawaru
Qazlal
Ru
Sif Muna
Trog
Uskayaw
Vehumet
Wu Jian
Xom
Yredelemnul
Zin
The Shining One
Beogh
Jiyva
Lugonu

Shops:
D [*==


Innate Abilities, Weirdness & Mutations

Your experience applies equally to all skills.
You have very sharp teeth.
Your uncanny sense of smell can sniff out nearby items.
You occasionally shout uncontrollably at your foes.


Message History

The frost giant is severely wounded.
The frost giant gestures at you while chanting.
The bolt of cold hits you!
* * * LOW HITPOINT WARNING * * *
Firing (i - inventory. (/) - cycle)
I - 43 bolts (quivered)
Press: ? - help, Shift-Dir - straight line, f/p - frost giant
Aim: a frost giant, wielding a battleaxe of freezing (severely wounded)
You shoot a bolt. The bolt hits the frost giant!
Lightning courses through the frost giant!
The frost giant is almost dead.
The frost giant gestures at you while chanting.
The bolt of cold misses you.
Firing (i - inventory. (/) - cycle)
I - 42 bolts (quivered)
Press: ? - help, Shift-Dir - straight line, f/p - frost giant
Aim: a frost giant, wielding a battleaxe of freezing (almost dead)
You shoot a bolt. The bolt hits the frost giant!
The frost giant is almost dead.
The frost giant points at you and mumbles some strange words.
The bolt of cold hits you!
You die...

▓.▓.▓.▓.▓'▓.▓)▓)▓.
▓.▓.▓.▓.▓=▓.▓)▓.▓.
▓.▓.▓.▓.▓.▓.▓.▓.▓.
▓.▓.▓.▓.▓.▓)▓.▓.▓.
▓.▓p▓.▓.▓.▓.▓'▓.▓.
∆
▓.▓.▓.▓.▓.▓.▓.▓)▓.
∆
▓(▓.▓'▓.▓)▓.▓.▓.▓.
∆
▓.▓.▓.▓.▓.▓.▓)▓.▓.
∆
▓@▓.▓.▓.▓.▓.▓)▓)▓.
∆
▓C▓.▓†▓.▓)▓.▓.▓.▓.
▓§▓.▓)▓.▓)▓.▓)▓.▓.
▓(▓.▓.▓.▓.▓.▓)▓)▓.
▓(▓.▓.▓.▓)▓.▓)▓)▓†
∆
▓§▓.▓.▓.▓.▓.▓)▓.▓.
∆
▓[▓.▓.▓.▓.▓.▓)▓.▓.
∆
▓§▓.▓.▓.▓[▓.▓.▓.▓.
∆ ▓.♣'♣.▓[▓.▓.▓[▓.


You could see a frost giant.

Vanquished Creatures
  Kirke (D)
  A shadow dragon (D)
  A frost giant (D)
  An emperor scorpion (D)
  2 entropy weavers (D)
  2 stone giants (D)
  A spark wasp (D)
  2 yaktaur captains (D)
  Harold (D)
  A great orb of eyes (D)
  2 naga warriors (D)
  An ice dragon (D)
  2 hydras (D)
  Erica (D)
  A two-headed ogre (D)
  An ogre mage (D)
  A deep troll earth mage (D)
  A shock serpent (D)
  5 orc high priests (D)
  Urug (D)
  A shambling mangrove (D)
  A sea snake (D)
  5 orc knights (D)
  A harpy (D)
  An ugly thing (D)
  A wolf spider (D)
  3 orc sorcerers (D)
  3 manticores (D)
  A salamander (D)
  A naga mage (D)
  4 black mambas (D)
  A merfolk siren (D)
  A guardian serpent (D)
  A torpor snail (D)
  4 spiny frogs (D)
  A demonic crawler (D)
  A kobold demonologist (D)
  3 yaktaurs (D)
  2 jumping spiders (D)
  A meliai (D)
  A tyrant leech (D)
  2 slime creatures (D)
  2 hornets (D)
  A merfolk (D)
  A bog body (D)
  A snapping turtle (D)
  2 hippogriffs (D)
  A spriggan (D)
  A water elemental (D)
  3 yaks (D)
  Grum (D)
  3 wargs (D)
  An insubstantial wisp (D)
  A naga (D)
  3 water moccasins (D)
  2 porcupines (D)
  3 hell hounds (D)
  14 orc warriors (D)
  2 black bears (D)
  A boggart (D)
  5 wolves (D)
  5 crocodiles (D)
  5 bullfrogs (D)
  A killer bee (D)
  A wight (D)
  A jelly (D)
  2 hounds (D)
  4 orc priests (D)
  An orc wizard (D)
  A worker ant (D)
  An iguana (D)
  An adder (D)
  9 orcs (D)
  2 goblins (D)
  2 hobgoblins (D)
  A bat (D)
  A jackal skeleton (D)
  A jackal zombie (D)
156 creatures vanquished.

Notes
Turn   | Place    | Note
-------+----------+-------------------------------------------
     0 | D        | emperorscorpion the Gnoll Arcane Marksman began the quest for the Orb.
     0 | D        | Reached XP level 1. HP: 17/17 MP: 4/4
    14 | D        | Reached skill level 1 in Invocations
    15 | D        | Reached skill level 1 in Short Blades
    15 | D        | Reached skill level 1 in Long Blades
    15 | D        | Reached skill level 1 in Axes
    15 | D        | Reached skill level 1 in Maces & Flails
    15 | D        | Reached skill level 1 in Polearms
    15 | D        | Reached skill level 1 in Staves
    15 | D        | Reached skill level 1 in Slings
    15 | D        | Reached skill level 1 in Bows
    15 | D        | Reached skill level 1 in Throwing
    15 | D        | Reached skill level 1 in Armour
    15 | D        | Reached skill level 1 in Stealth
    15 | D        | Reached skill level 1 in Shields
    15 | D        | Reached skill level 1 in Unarmed Combat
    15 | D        | Reached skill level 1 in Evocations
   206 | D        | Noticed a water moccasin
   206 | D        | Noticed a hound
   206 | D        | Noticed a hound
   210 | D        | Reached XP level 2. HP: 19/23 MP: 5/5
   219 | D        | Killed a water moccasin
   219 | D        | Reached skill level 5 in Crossbows
   219 | D        | Reached skill level 5 in Dodging
   219 | D        | Reached XP level 3. HP: 7/30 MP: 5/8
   219 | D        | Reached XP level 4. HP: 8/37 MP: 6/10
   222 | D        | Reached XP level 5. HP: 29/42 MP: 6/11
   243 | D        | Found a roughly hewn altar of Beogh.
   243 | D        | Found a snail-covered altar of Cheibriados.
   243 | D        | Found a shadowy altar of Dithmenos.
   243 | D        | Found a white marble altar of Elyvilon.
   243 | D        | Found a blossoming altar of Fedhas.
   243 | D        | Found an opulent altar of Gozag.
   244 | D        | Found a hazy altar of Hepliaklqana.
   245 | D        | Found a viscous altar of Jiyva.
   246 | D        | Found an ancient bone altar of Kikubaaqudgha.
   247 | D        | Found a corrupted altar of Lugonu.
   248 | D        | Found a burning altar of Makhleb.
   249 | D        | Found a sparkling altar of Nemelex Xobeh.
   250 | D        | Found an iron altar of Okawaru.
   251 | D        | Found a stormy altar of Qazlal.
   252 | D        | Found a sacrificial altar of Ru.
   253 | D        | Found a deep blue altar of Sif Muna.
   254 | D        | Found a bloodstained altar of Trog.
   255 | D        | Found a hide-covered altar of Uskayaw.
   256 | D        | Found a radiant altar of Vehumet.
   257 | D        | Found an ornate altar of the Wu Jian Council.
   258 | D        | Became a worshipper of Warmaster Okawaru
   259 | D        | Found a shimmering altar of Xom.
   260 | D        | Found a basalt altar of Yredelemnul.
   261 | D        | Found a glowing silver altar of Zin.
   262 | D        | Found a glowing golden altar of the Shining One.
   350 | D        | Noticed a yak
   359 | D        | Reached skill level 5 in Spellcasting
   359 | D        | Reached XP level 6. HP: 36/50 MP: 13/13
   366 | D        | Reached skill level 5 in Fighting
   384 | D        | Reached skill level 5 in Invocations
   450 | D        | Killed a yak
   450 | D        | Reached * piety under Okawaru
   450 | D        | Reached skill level 5 in Short Blades
   450 | D        | Reached skill level 5 in Long Blades
   450 | D        | Reached skill level 5 in Axes
   450 | D        | Reached skill level 5 in Maces & Flails
   450 | D        | Reached skill level 5 in Polearms
   450 | D        | Reached skill level 5 in Staves
   450 | D        | Reached skill level 5 in Slings
   450 | D        | Reached skill level 5 in Bows
   450 | D        | Reached skill level 5 in Throwing
   450 | D        | Reached skill level 5 in Armour
   450 | D        | Reached skill level 5 in Stealth
   450 | D        | Reached skill level 5 in Shields
   450 | D        | Reached skill level 5 in Unarmed Combat
   450 | D        | Reached skill level 5 in Evocations
   450 | D        | Reached XP level 7. HP: 19/57 MP: 15/15
   651 | D        | Noticed a yak
   651 | D        | Noticed a yak
   663 | D        | Killed a yak
   663 | D        | Reached ** piety under Okawaru
   675 | D        | Killed a yak
   675 | D        | Reached XP level 8. HP: 54/65 MP: 15/18
   679 | D        | Reached skill level 5 in Conjurations
   679 | D        | Reached skill level 5 in Charms
   679 | D        | Reached skill level 5 in Summonings
   679 | D        | Reached skill level 5 in Necromancy
   679 | D        | Reached skill level 5 in Translocations
   679 | D        | Reached skill level 5 in Transmutations
   679 | D        | Reached skill level 5 in Fire Magic
   679 | D        | Reached skill level 5 in Ice Magic
   679 | D        | Reached skill level 5 in Air Magic
   679 | D        | Reached skill level 5 in Earth Magic
   679 | D        | Reached skill level 5 in Poison Magic
   800 | D        | Noticed a black mamba
   800 | D        | Noticed a spiny frog
   816 | D        | Killed a black mamba
   822 | D        | Reached *** piety under Okawaru
   835 | D        | Killed a spiny frog
   835 | D        | Reached XP level 9. HP: 60/72 MP: 20/20
   865 | D        | Learned a level 2 spell: Slow
   870 | D        | Learned a level 4 spell: Cause Fear
  1000 | D        | Noticed a spiny frog
  1000 | D        | Noticed a black mamba
  1017 | D        | Killed a spiny frog
  1017 | D        | Reached **** piety under Okawaru
  1025 | D        | Noticed a spiny frog
  1025 | D        | Killed a black mamba
  1164 | D        | Received a gift from Okawaru
  1169 | D        | Reached XP level 10. HP: 82/82 MP: 20/22
  1183 | D        | Killed a spiny frog
  1249 | D        | Received a gift from Okawaru
  1383 | D        | Noticed Erica
  1404 | D        | Killed Erica
  1404 | D        | Reached ***** piety under Okawaru
  1404 | D        | Received a gift from Okawaru
  1404 | D        | Reached skill level 10 in Crossbows
  1404 | D        | Reached skill level 10 in Dodging
  1414 | D        | Noticed Urug
  1428 | D        | Killed Urug
  1428 | D        | Reached skill level 10 in Invocations
  1588 | D        | Noticed an orc high priest
  1638 | D        | Killed an orc high priest
  1638 | D        | Reached XP level 11. HP: 40/90 MP: 24/24
  2139 | D        | Noticed an orc knight
  2227 | D        | Killed an orc knight
  2227 | D        | Reached skill level 10 in Fighting
  2227 | D        | Reached skill level 10 in Spellcasting
  2332 | D        | Received a gift from Okawaru
  2557 | D        | Found Requang's Antique Armour Emporium.
  2557 | D        | Noticed an orc high priest
  2557 | D        | Noticed an orc sorcerer
  2557 | D        | Noticed an orc knight
  2557 | D        | Noticed an orc high priest
  2565 | D        | Gained mutation: You occasionally shout uncontrollably at your foes. [a neqoxec]
  2773 | D        | Killed an orc high priest
  2773 | D        | Reached skill level 10 in Short Blades
  2773 | D        | Reached skill level 10 in Long Blades
  2773 | D        | Reached skill level 10 in Axes
  2773 | D        | Reached skill level 10 in Maces & Flails
  2773 | D        | Reached skill level 10 in Polearms
  2773 | D        | Reached skill level 10 in Staves
  2773 | D        | Reached skill level 10 in Slings
  2773 | D        | Reached skill level 10 in Bows
  2773 | D        | Reached skill level 10 in Throwing
  2773 | D        | Reached skill level 10 in Armour
  2773 | D        | Reached skill level 10 in Stealth
  2773 | D        | Reached skill level 10 in Shields
  2773 | D        | Reached skill level 10 in Unarmed Combat
  2773 | D        | Reached skill level 10 in Hexes
  2773 | D        | Reached skill level 10 in Evocations
  2781 | D        | Killed an orc sorcerer
  2924 | D        | Killed an orc knight
  2924 | D        | Received a gift from Okawaru
  3022 | D        | Noticed an orc sorcerer
  3050 | D        | Killed an orc high priest
  3057 | D        | Killed an orc sorcerer
  3057 | D        | Received a gift from Okawaru
  3058 | D        | Got a slimy hat {god gift}
  3063 | D        | Noticed an orc knight
  3107 | D        | Killed an orc knight
  3131 | D        | Noticed an orc high priest
  3133 | D        | Noticed a soul eater
  3149 | D        | Killed an orc high priest
  3155 | D        | Learned a level 3 spell: Portal Projectile
  3191 | D        | Found Restre Ratu's General Store.
  3195 | D        | Found Jegurunoh's Jewellery Emporium.
  3199 | D        | Found Wisulev's Jewellery Shoppe.
  3202 | D        | Noticed an orc high priest
  3203 | D        | Noticed an orc knight
  3213 | D        | Noticed an orc knight
  3225 | D        | Killed an orc high priest
  3338 | D        | Killed an orc knight
  3370 | D        | Identified the +2 hat of Jigsaw {MP+9} (Okawaru gifted it to you in the Dungeon)
  3446 | D        | Killed an orc knight
  3446 | D        | Reached XP level 12. HP: 97/100 MP: 27/27
  3589 | D        | Bought a lamp of fire for 440 gold pieces
  3591 | D        | Bought a pair of embroidered boots for 187 gold pieces
  3601 | D        | Bought a pair of embroidered boots for 187 gold pieces
  3611 | D        | Bought an ichor-stained plate armour for 700 gold pieces
  3611 | D        | Identified the +1 plate armour of the Wheelwright {+Blink +Fly Stlth+} (You bought it in a shop in the Dungeon)
  3618 | D        | Bought an uncursed amulet of regeneration for 390 gold pieces
  3645 | D        | Noticed Grum
  3648 | D        | Killed Grum
  3720 | D        | Noticed Harold
  3747 | D        | Killed Harold
  3797 | D        | Got the +11 trident of Courage {freeze, *Corrode rF+ Dex+3}
  3803 | D        | Got the +2 hand crossbow of Equivalence {elec, rPois rF+ Str+2 Dex-5}
  3850 | D        | Noticed a two-headed ogre
  3881 | D        | Killed a two-headed ogre
  3923 | D        | Noticed a yaktaur captain
  3925 | D        | Noticed a stone giant
  3926 | D        | Noticed an ogre mage
  3943 | D        | Killed a yaktaur captain
  3963 | D        | Killed a stone giant
  3971 | D        | Killed an ogre mage
  3971 | D        | Received a gift from Okawaru
  3971 | D        | Reached skill level 10 in Conjurations
  3971 | D        | Reached skill level 10 in Charms
  3971 | D        | Reached skill level 10 in Summonings
  3971 | D        | Reached skill level 10 in Necromancy
  3971 | D        | Reached skill level 10 in Translocations
  3971 | D        | Reached skill level 10 in Transmutations
  3971 | D        | Reached skill level 10 in Fire Magic
  3971 | D        | Reached skill level 10 in Ice Magic
  3971 | D        | Reached skill level 10 in Air Magic
  3971 | D        | Reached skill level 10 in Earth Magic
  3971 | D        | Reached skill level 10 in Poison Magic
  3987 | D        | Got a slimy chain mail {god gift}
  4010 | D        | Identified the +3 chain mail of Broken Taboos {rF+ Dex+2} (Okawaru gifted it to you in the Dungeon)
  4122 | D        | Noticed an entropy weaver
  4122 | D        | Noticed an emperor scorpion
  4129 | D        | Noticed an entropy weaver
  4138 | D        | Killed an entropy weaver
  4140 | D        | Killed an entropy weaver
  4140 | D        | Reached XP level 13. HP: 74/109 MP: 29/29
  4151 | D        | Killed an emperor scorpion
  4203 | D        | Received a gift from Okawaru
  4243 | D        | Reached ****** piety under Okawaru
  4363 | D        | Noticed Kirke
  4402 | D        | Killed Kirke
  4402 | D        | Received a gift from Okawaru
  4478 | D        | Noticed a frost giant
  4478 | D        | Noticed a yaktaur captain
  4478 | D        | Noticed a great orb of eyes
  4478 | D        | Noticed an ice dragon
  4479 | D        | Noticed a spark wasp
  4484 | D        | Killed an ice dragon
  4485 | D        | Killed a frost giant
  4485 | D        | Received a gift from Okawaru
  4485 | D        | Killed a yaktaur captain
  4485 | D        | Received a gift from Okawaru
  4485 | D        | Reached XP level 14. HP: 98/119 MP: 31/31
  4486 | D        | Noticed a stone giant
  4488 | D        | Noticed a shadow dragon
  4496 | D        | Killed a stone giant
  4499 | D        | Noticed a frost giant
  4500 | D        | Killed a shadow dragon
  4507 | D        | Killed from afar by a frost giant

Vault maps used:
D:        linesprint

Skill      XL: |  1  2  3  4  5  6  7  8  9 10 11 12 13 14 |
---------------+-------------------------------------------+-----
Invocations    | 1 3 4 5 6 7 8 10 11 13 14 | 14.9
Short Blades   | 1 3 4 5 6 7 8 9 10 12 13 | 13.9
Long Blades    | 1 3 4 5 6 7 8 9 10 12 13 | 13.9
Axes           | 1 3 4 5 6 7 8 9 10 12 13 | 13.9
Maces & Flails | 1 3 4 5 6 7 8 9 10 12 13 | 13.9
Polearms       | 1 3 4 5 6 7 8 9 10 12 13 | 13.9
Staves         | 1 3 4 5 6 7 8 9 10 12 13 | 13.9
Slings         | 1 3 4 5 6 7 8 9 10 12 13 | 13.9
Bows           | 1 3 4 5 6 7 8 9 10 12 13 | 13.9
Throwing       | 1 3 4 5 6 7 8 9 10 12 13 | 13.9
Armour         | 1 3 4 5 6 7 8 9 10 12 13 | 13.9
Stealth        | 1 3 4 5 6 7 8 9 10 12 13 | 13.9
Shields        | 1 3 4 5 6 7 8 9 10 12 13 | 13.9
Unarmed Combat | 1 3 4 5 6 7 8 9 10 12 13 | 13.9
Evocations     | 1 3 4 5 6 7 8 9 10 12 13 | 13.9
Fighting       | 4 5 6 7 8 9 11 12 13 14 | 14.1
Crossbows      | 5 6 7 8 9 10 11 12 14 | 14.4
Dodging        | 5 6 7 8 9 10 11 12 14 | 14.4
Spellcasting   | 4 5 6 7 8 9 11 12 13 14 | 14.1
Conjurations   | 2 3 4 5 6 7 9 10 11 | 11.9
Hexes          | 6 7 8 9 10 11 12 | 12.9
Charms         | 2 3 4 5 6 7 9 10 11 | 11.9
Summonings     | 2 3 4 5 6 7 9 10 11 | 11.9
Necromancy     | 2 3 4 5 6 7 9 10 11 | 11.9
Translocations | 2 3 4 5 6 7 9 10 11 | 11.9
Transmutations | 2 3 4 5 6 7 9 10 11 | 11.9
Fire Magic     | 2 3 4 5 6 7 9 10 11 | 11.9
Ice Magic      | 2 3 4 5 6 7 9 10 11 | 11.9
Air Magic      | 2 3 4 5 6 7 9 10 11 | 11.9
Earth Magic    | 2 3 4 5 6 7 9 10 11 | 11.9
Poison Magic   | 2 3 4 5 6 7 9 10 11 | 11.9

Action                   |  1- 3 |  4- 6 |  7- 9 | 10-12 | 13-15 || total
-------------------------+-------+-------+-------+-------+-------++-------
Melee: Unarmed           |    10 |       |       |       |    27 ||    37
       Quarterstaff      |       |    33 |   113 |   244 |       ||   390
       Bite              |       |     4 |    16 |    43 |       ||    63
       Trident           |       |       |       |    53 |       ||    53
       Punch             |       |       |       |     5 |       ||     5
 Fire: Hand crossbow     |    12 |    20 |       |   304 |   101 ||   437
Throw: Javelin           |       |       |       |    14 |       ||    14
       Throwing net      |       |       |       |     1 |       ||     1
 Cast: Slow              |       |       |       |    19 |       ||    19
       Portal Projectile |       |       |       |     2 |     1 ||     3
       Cause Fear        |       |       |       |     3 |       ||     3
Invok: Heroism           |       |       |     4 |    15 |     3 ||    22
       Finesse           |       |       |       |     4 |       ||     4
Evoke: Wand              |       |       |     2 |     3 |       ||     5
       Lamp of fire      |       |       |       |     1 |     7 ||     8
  Use: Potion            |     1 |     3 |     1 |       |       ||     5
       Scroll            |       |       |       |     1 |       ||     1
 Stab: Sleeping          |     1 |       |       |       |       ||     1
       Distracted        |       |       |     1 |     1 |       ||     2
  Eat: Chunk             |       |       |     1 |     9 |     1 ||    11
Armor: Robe              |     1 |       |       |       |       ||     1
       Chain mail        |       |    24 |    26 |   107 |    13 ||   170
Dodge: Dodged            |    17 |    20 |    34 |   144 |    57 ||   272

Table legend:
 A = Spawn XP
 B = Non-spawn XP
 C = Spawn XP percentage of total XP
 D = Spawn monster count
 E = Non-spawn monster count
 F = Spawn count percentage of total count
 G = Total turns spent on level
                    A         B        C        D         E        F      G
               +---------+---------+-------+---------+---------+-------+---------
         Total |       0 |   61470 |   0.0 |       0 |     156 |   0.0 |  4507
               +---------+---------+-------+---------+---------+-------+---------
             D |       0 |   61470 |   0.0 |       0 |     156 |   0.0 |  4507
               +---------+---------+-------+---------+---------+-------+---------
